 Dungeon Crawl Stone Soup version 0.21-a0-522-ga8338f0 (webtiles) character file.

179 KristoblXynda the Ducker (level 5, -5/25 HPs)
             Began as a Spriggan Gladiator on Dec 6, 2017.
             Was an Initiate of Nemelex Xobeh.
             Slain by KristoblXynda's ghost (12 damage)
             ... on level 3 of the Dungeon.
             The game lasted 00:05:27 (3968 turns).

KristoblXynda the Ducker (Spriggan Gladiator)       Turns: 3968, Time: 00:05:28

Health: -5/25      AC:  4    Str: 11    XL:     5   Next: 32%
Magic:  6/6        EV: 22    Int: 10    God:    Nemelex Xobeh [......]
Gold:   129        SH:  0    Dex: 17    Spells: 4/4 levels left

rFire    . . .     SeeInvis +   a - +0 long sword
rCold    . . .     Gourm    .   (shield restricted)
rNeg     . . .     Faith    .   b - +0 robe
rPois    .         Spirit   .   r - +1 hat
rElec    .         Reflect  .   d - +0 cloak
rCorr    +         Harm     .   (gloves unavailable)
MR       .....                  (boots unavailable)
Stlth    +++.......             (no amulet)
HPRegen  0.08/turn              s - ring of resist corrosion
MPRegen  0.10/turn              (no ring)

@: very quick
A: very small, unfitting armour, see invisible, herbivore 3, speed 3, slow
metabolism 2
a: Renounce Religion


You were on level 3 of the Dungeon.
You worshipped Nemelex Xobeh.
Nemelex Xobeh was noncommittal.
You were not hungry.

You visited 1 branch of the dungeon, and saw 3 of its levels.

You collected 129 gold pieces.

Inventory:

Hand Weapons
 a - a +0 long sword (weapon)
Missiles
 j - 3 throwing nets (quivered)
Armour
 b - a +0 robe (worn)
 d - a +0 cloak (worn)
 p - a +0 buckler
 r - a +1 hat (worn)
Jewellery
 s - a ring of resist corrosion (left hand)
Scrolls
 e - a scroll of fear {unknown}
 i - a scroll of remove curse {unknown}
 k - a scroll of amnesia {unknown}
 l - a scroll of magic mapping {unknown}
 n - a scroll of identify
 q - a scroll of teleportation {unknown}
Miscellaneous
 m - a plain deck of escape {drawn: 3}
Comestibles
 f - a bread ration
 g - a royal jelly
 o - 2 fruits


   Skills:
 - Level 1.5 Fighting
 * Level 3.5 Long Blades
 - Level 2.0 Throwing
 - Level 6.2 Dodging
 + Level 4.5 Stealth
 + Level 0.0 Invocations


You had 4 spell levels left.
You didn't know any spells.

Dungeon Overview and Level Annotations

Branches:
Dungeon (3/15)

Altars:
Nemelex Xobeh

Annotations:
D:3 KristoblXynda's ghost, amateur SpGl


Innate Abilities, Weirdness & Mutations

You are very small and have problems with some larger weapons.
You are too small for most types of armour.
You have supernaturally acute eyesight. (SInv)
You are a herbivore.
You cover ground extremely quickly.
You need consume almost no food.


Message History

KristoblXynda's ghost barely misses you.
You riposte.
You completely miss KristoblXynda's ghost.
KristoblXynda's ghost hits you!
Unknown command.
KristoblXynda's ghost hits you.
* * * LOW HITPOINT WARNING * * *
KristoblXynda's ghost completely misses you.
You riposte.
You miss KristoblXynda's ghost.
Evoke which item? (* to show all) (? for menu, Esc to quit)
You draw a card...
It is Velocity.
KristoblXynda's ghost is moving somewhat quickly.
KristoblXynda's ghost completely misses you.
Unknown command.
KristoblXynda's ghost closely misses you.
You riposte.
You slash KristoblXynda's ghost!
KristoblXynda's ghost is moderately damaged.
KristoblXynda's ghost hits you!
You die...
Your body disappears without a glow.

#### #####.## ...#
#... ..#### ##.#
##.## ......
#.###...##.##..#
#..........##..#
###.......###..#
#........##..#
#........##..######
#.#.[.##...>.@....#
...#...#####.W####.#
######.######..# #.#
#.........# ##.#
#########.###..#
#.##...#######
#...(........#
####...#####.# ##.##
#.#


You could see KristoblXynda's ghost.

Vanquished Creatures
  Crazy Yiuf (D:2)
  An orc priest (D:3)
  4 gnolls (D:2)
  An adder (D:2)
  A worm (D:2)
  4 dart slugs
  2 leopard geckos
  3 orcs (D:3)
  4 giant cockroaches
  10 goblins
  3 hobgoblins
  4 jackals (D:1)
  3 kobolds
  2 ball pythons
  7 bats
  A frilled lizard (D:1)
  6 rats
  A fungus (D:2)
58 creatures vanquished.

Notes
Turn   | Place    | Note
-------+----------+-------------------------------------------
     0 | D:1      | KristoblXynda the Spriggan Gladiator began the quest for the Orb.
     0 | D:1      | Reached XP level 1. HP: 10/10 MP: 2/2
   549 | D:1      | Reached skill level 1 in Stealth
  1043 | D:1      | Reached XP level 2. HP: 10/14 MP: 3/3
  1512 | D:1      | Reached skill level 5 in Dodging
  1664 | D:1      | Reached XP level 3. HP: 18/18 MP: 4/4
  2237 | D:2      | Reached XP level 4. HP: 12/22 MP: 5/5
  2532 | D:2      | Found a sparkling altar of Nemelex Xobeh.
  2936 | D:2      | Found a runed door.
  2940 | D:2      | Noticed Crazy Yiuf
  2982 | D:2      | Killed Crazy Yiuf
  2982 | D:2      | Reached skill level 6 in Dodging
  2982 | D:2      | Reached XP level 5. HP: 3/25 MP: 6/6
  3485 | D:2      | Became a worshipper of Nemelex Xobeh the Trickster
  3804 | D:3      | Received a gift from Nemelex Xobeh
  3912 | D:3      | Noticed KristoblXynda's ghost (amateur SpGl)
  3968 | D:3      | Slain by KristoblXynda's ghost

Vault maps used:
D:1:      matt_arrival_spirals
D:2:      nemelex_xobeh_ov_fountains_minmay, uniq_crazy_yiuf_cottage
D:3:      minmay_diamond_boxcup, marbit_many_paths,
          gammafunk_temple_overflow_statue, lemuel_round_altar,
          serial_bayou_lagoon_a

Skill      XL: |  1  2  3  4 |
---------------+-------------+-----
Stealth        | 1 2 3 4 |  4.5
Dodging        | 5 6 |  6.2
Long Blades    | 3 |  3.5
Fighting       | |  1.5
Throwing       | |  2.0

Action                   |  1- 3 |  4- 6 || total
-------------------------+-------+-------++-------
Melee: Long sword        |   109 |    58 ||   167
Throw: Throwing net      |       |     3 ||     3
Evoke: Deck              |       |     3 ||     3
  Use: Potion            |       |     7 ||     7
       Scroll            |       |     3 ||     3
 Stab: Sleeping          |    11 |     3 ||    14
       Distracted        |     1 |       ||     1
  Eat: Fruit             |       |     1 ||     1
Armor: Robe              |     5 |     2 ||     7
Dodge: Dodged            |    96 |    51 ||   147
       Rpst.: Long sword |    31 |    23 ||    54

Table legend:
 A = Spawn XP
 B = Non-spawn XP
 C = Spawn XP percentage of total XP
 D = Spawn monster count
 E = Non-spawn monster count
 F = Spawn count percentage of total count
 G = Total turns spent on level
                    A         B        C        D         E        F      G
               +---------+---------+-------+---------+---------+-------+---------
         Total |       0 |     256 |   0.0 |       0 |      57 |   0.0 |  3968
               +---------+---------+-------+---------+---------+-------+---------
           D:1 |       0 |      51 |   0.0 |       0 |      27 |   0.0 |  1744
           D:2 |       0 |     149 |   0.0 |       0 |      24 |   0.0 |  1819
           D:3 |       0 |      56 |   0.0 |       0 |       6 |   0.0 |   405
               +---------+---------+-------+---------+---------+-------+---------
